 Dungeon Crawl Stone Soup version 0.30-a0-219-gf2db51d15e (webtiles) character file.

Game seed: 6037024805563891245

163 shadowstone the Covered (level 5, -2/33 HPs)
             Began as a Gargoyle Fighter on Oct 7, 2022.
             Slain by a mummy (6 damage)
             ... in an ossuary.
             The game lasted 00:07:40 (1713 turns).

shadowstone the Covered (Gargoyle Fighter)          Turns: 1713, Time: 00:07:47

Health: -2/33      AC: 11    Str: 22    XL:     5   Next: 44%
Magic:  5/5        EV:  9    Int:  8    God:
Gold:   94         SH:  4    Dex:  9    Spells: 4/4 levels left

rFire   . . .      SeeInvis .    a - +0 flail
rCold   . . .      Faith    .    c - +0 buckler
rNeg    + . .      Spirit   .    b - +0 scale mail
rPois   ∞          Reflect  .    (no helmet)
rElec   +          Harm     .    (no cloak)
rCorr   .          Rampage  .    (no gloves)
Will    .....                    (no boots)
Stlth   ..........               (no amulet)
HPRegen 0.25/turn                (no ring)
MPRegen 0.09/turn                (no ring)

@: no status effects
A: sickness immunity, AC +4, negative energy resistance 1, electricity
resistance, torment resistance 1, petrification resistance
a: no special abilities


You were in an ossuary.
You visited 1 branch of the dungeon, and saw 4 of its levels.
You also visited: Ossuary.

You collected 94 gold pieces.

Inventory:

Hand Weapons
 a - a +0 flail (weapon)
 l - a +0 falchion
Armour
 b - a +0 scale mail (worn)
 c - a +0 buckler (worn)
Magical Staves
 n - a staff of fire
Jewellery
 h - a ring of ice
 o - a ring of resist corrosion
Scrolls
 e - 2 scrolls of magic mapping {unknown}
 f - a scroll of immolation {unknown}
 g - a scroll of fog {unknown}
 j - 3 scrolls of teleportation {unknown}
 m - a scroll of enchant armour {unknown}
Potions
 d - a potion of might
 i - a potion of curing {unknown}
 k - a potion of haste {unknown}


   Skills:
 + Level 3.7 Fighting
 + Level 3.6 Maces & Flails
 + Level 4.4 Armour
 + Level 1.0 Dodging
 + Level 3.8 Shields


You had 4 spell levels left.
You didn't know any spells.
Your spell library contained the following spells:

 Spells                   Type           Power      Damage    Failure   Level
 Summon Small Mammal      Summ           0%         N/A       82%         1
 Ensorcelled Hibernation  Hex/Ice        0%         N/A       91%         2
 Call Canine Familiar     Summ           0%         N/A       99%         3
 Spider Form              Tmut/Pois      0%         N/A       99%         3
 Summon Guardian Golem    Hex/Summ       0%         N/A       99%         3
 Anguish                  Hex/Necr       0%         N/A       100%        4


Dungeon Overview and Level Annotations

Branches:
Dungeon (4/15)            Ossuary (1/1)
 Temple: D:4-7

Altars:
Kikubaaqudgha


Innate Abilities, Weirdness & Mutations

You are immune to sickness and miasma.
Your stone body is resilient. (AC +4)
You are immune to poison.
You resist negative energy. (rN+)
You are resistant to electric shocks. (rElec)
You are resistant to unholy torment.
You are immune to petrification.


Message History

The hobgoblin zombie closely misses you.
You thump the gnoll zombie!
You destroy the gnoll zombie!
The orc zombie hits you but does no damage. x2
The hobgoblin zombie barely misses you.
You hit the mummy but do no damage. You block the orc zombie's attack.
The kobold zombie hits you but does no damage.
The orc zombie hits you but does no damage.
The hobgoblin zombie barely misses you.
The orc zombie hits you but does no damage.
The mummy hits you but does no damage.
You hit the mummy.
The mummy is lightly damaged.
The kobold zombie hits you but does no damage.
The orc zombie completely misses you.
The hobgoblin zombie completely misses you.
The orc zombie hits you but does no damage.
You barely miss the mummy.
The mummy is lightly damaged.
The kobold zombie hits you but does no damage.
The orc zombie barely misses you.
You block the hobgoblin zombie's attack.
The mummy hits you but does no damage. The mummy hits you.
The orc zombie hits you.
You hit the mummy.
The mummy is moderately damaged.
The kobold zombie barely misses you.
The orc zombie hits you but does no damage.
You block the hobgoblin zombie's attack.
The orc zombie hits you but does no damage.
The mummy hits you! x2; You block the orc zombie's attack.
The kobold zombie completely misses you.
You thump the mummy!
The mummy is severely damaged.
The hobgoblin zombie hits you.
The orc zombie hits you but does no damage. x2
The mummy hits you.
* * * LOW HITPOINT WARNING * * *
The mummy hits you.
You die...

..............
.............
...........
........#
......# #MZZ.#
#MMM.# #Z@Z.#
#..Z.# #....#
#....# #....#
#....# #.∩∩.#
######


You could see 4 mummies, 2 hobgoblin zombies, a kobold zombie and 2 orc zombies.

Vanquished Creatures
  A bullfrog (D:4)
  A scorpion (D:4)
  A worm (D:2)
  A dart slug (D:2)
  2 orcs
  2 ball pythons
  5 endoplasms
  2 gnoll zombies (Ossuary)
  3 goblins
  2 hobgoblins
  2 quokkas
  3 bats (D:2)
  3 frilled lizards
  3 kobolds
  An orc zombie (Ossuary)
  2 rats (D:3)
  A rat zombie (D:4)
35 creatures vanquished.

Notes
Turn   | Place    | Note
-------+----------+-------------------------------------------
     0 | D:1      | shadowstone the Gargoyle Fighter began the quest for the
                  | Orb.
     0 | D:1      | Reached XP level 1. HP: 14/14 MP: 1/1
   369 | D:1      | Reached XP level 2. HP: 14/19 MP: 2/2
   501 | D:2      | Found an ancient bone altar of Kikubaaqudgha.
   852 | D:3      | Reached XP level 3. HP: 21/23 MP: 3/3
   886 | D:3      | Reached skill level 4 in Armour
  1460 | D:4      | Noticed a scorpion
  1477 | D:4      | Killed a scorpion
  1478 | D:4      | Reached XP level 4. HP: 23/28 MP: 4/4
  1528 | D:4      | Noticed a bullfrog
  1553 | D:4      | Killed a bullfrog
  1554 | D:4      | Reached skill level 1 in Dodging
  1554 | D:4      | Reached XP level 5. HP: 7/33 MP: 5/5
  1677 | D:4      | Found a sand-covered staircase.
  1697 | Ossuary  | Entered an ossuary
  1713 | Ossuary  | Slain by a mummy

Illustrated notes

Levels and vault maps discovered:
D:1:      eino_arrival_water_cross, layout_basic, serial_shops, shop,
          minivault_27
D:2:      layout_rooms, serial_curves, eino_curves_03, eino_curves_02,
          eino_curves_04, eino_curves_03, basic_altar, amcnicky_mini_pool_small
D:3:      minmay_evil_eye, layout_basic
D:4:      layout_rooms, enter_ossuary_3
Ossuary:  ossuary_tomb_3

Skill      XL: |  1  2  3  4 |
---------------+-------------+-----
Armour         | 4 |  4.4
Maces & Flails | 3 |  3.6
Dodging        | 1 |  1.0
Fighting       | |  3.7
Shields        | |  3.8

Action                   |  1- 3 |  4- 6 || total
-------------------------+-------+-------++-------
Melee: Flail             |   113 |    43 ||   156
Armor: Scale mail        |    87 |    48 ||   135
Dodge: Dodged            |    60 |    33 ||    93
Block: Buckler           |    29 |    12 ||    41

Table legend: (Time is in decaauts)
 A = Elapsed time spent in this place.
 B = Non-inter-level travel time spent in this place.
 C = Inter-level travel time spent in this place.
 D = Time resting spent in this place.
 E = Time spent auto-exploring this place.
 F = Levels seen in this place.
 G = Mean time per level.
                   A        B        C        D        E       F      G
               +--------+--------+--------+--------+--------+-----+--------+
         Total |   1762 |   1762 |      0 |    101 |      0 |   5 |  352.4 |
       Dungeon |   1743 |   1743 |      0 |    101 |      0 |   4 |  435.8 |
       Ossuary |     18 |     18 |      0 |      0 |      0 |   1 |   18.0 |
               +--------+--------+--------+--------+--------+-----+--------+

Top non-repeatable levels by time:
     D:3: 666 daAuts
     D:1: 460 daAuts
     D:2: 309 daAuts
     D:4: 307 daAuts
 Ossuary: 18 daAuts
